 Dungeon Crawl Stone Soup version 0.28.0-53-g5a82cb258f (webtiles) character file.

Game seed: 1031176350320162609

330 H0rd4k the Charlatan (level 6, -7/46 HPs)
             Began as a Human Artificer on June 24, 2022.
             Mangled by an iguana (12 damage)
             ... on level 4 of the Dungeon.
             The game lasted 00:05:55 (6049 turns).

H0rd4k the Charlatan (Human Artificer)              Turns: 6049, Time: 00:05:56

Health: -7/46      AC:  5    Str: 12    XL:     6   Next: 81%
Magic:  6/6        EV: 12    Int: 14    God:
Gold:   168        SH:  0    Dex: 13    Spells: 5/5 levels left

rFire   . . .      SeeInvis .   a - +0 club
rCold   . . .      Faith    .   (no shield)
rNeg    . . .      Spirit   .   b - +0 leather armour
rPois   .          Reflect  .   (no helmet)
rElec   .          Harm     .   m - +0 cloak
rCorr   .          Rampage  .   (no gloves)
Will    .....                   o - +0 pair of boots
Stlth   +.........              (no amulet)
HPRegen 0.15/turn               (no ring)
MPRegen 0.10/turn               (no ring)

@: no status effects
A: no striking features
a: no special abilities


You were on level 4 of the Dungeon.
You visited 1 branch of the dungeon, and saw 4 of its levels.

You collected 168 gold pieces.

Inventory:

Hand Weapons
 a - a +0 club (weapon)
Missiles
 r - a throwing net
Armour
 b - a +0 leather armour (worn)
 m - a +0 cloak (worn)
 o - a +0 pair of boots (worn)
Wands
 d - a wand of charming (1)
 p - a wand of polymorph (5)
Scrolls
 c - a scroll of fear {unknown}
 f - 3 scrolls of identify {unknown}
 g - a scroll of magic mapping {unknown}
 h - 2 scrolls of noise {unknown}
 j - a scroll of enchant armour {unknown}
 k - a scroll of blinking {unknown}
 l - a scroll of enchant weapon {unknown}
 n - 2 scrolls of amnesia {unknown}
Potions
 i - a potion of magic {unknown}
 q - a potion of resistance {unknown}
Miscellaneous
 e - a piece from Xom's chessboard (15/15)


   Skills:
 + Level 2.6 Fighting
 + Level 3.3 Maces & Flails
 - Level 2.0 Armour
 + Level 3.0 Dodging
 - Level 1.0 Stealth
 + Level 4.5 Evocations


You had 5 spell levels left.
You didn't know any spells.
Your spell library contained the following spells:

 Spells                   Type           Power      Damage    Failure   Level
 Sandblast                Erth           0%         2d4       36%         1
 Passwall                 Tmut/Erth      0%         N/A       50%         2
 Stone Arrow              Conj/Erth      0%         3d7       73%         3
 Summon Forest            Summ/Tloc      0%         N/A       100%        5
 Summon Mana Viper        Hex/Summ       0%         N/A       100%        5
 Summon Cactus Giant      Summ           0%         N/A       100%        6


Dungeon Overview and Level Annotations

Branches:
Dungeon (4/15)             Temple (0/1) D:4

Altars:
Elyvilon

Annotations:
D:2 Terence
D:3 exclusion: downstairs
D:4 exclusion: upstairs


Message History

The iguana barely misses you.
You closely miss the iguana.
The iguana is heavily wounded.
The iguana barely misses you.
You barely miss the iguana.
The iguana is heavily wounded.
The iguana closely misses you.
You hit the iguana but do no damage.
The iguana is heavily wounded.
The iguana barely misses you.
You barely miss the iguana.
The iguana is heavily wounded.
The iguana barely misses you.
You barely miss the iguana.
The iguana is heavily wounded.
The iguana misses you. The iguana bites you!
You hit the iguana.
The iguana is severely wounded.
The iguana closely misses you.
You hit the iguana but do no damage.
The iguana is severely wounded.
The iguana barely misses you.
You hit the iguana but do no damage.
The iguana is severely wounded.
The iguana barely misses you.
You barely miss the iguana.
The iguana is severely wounded.
The iguana bites you.
You hit the iguana.
The iguana is severely wounded.
The iguana bites you but does no damage.
You hit the iguana but do no damage.
The iguana is severely wounded.
The iguana barely misses you.
You hit the iguana.
The iguana is severely wounded.
The iguana bites you!
* * * LOW HITPOINT WARNING * * *
The iguana bites you!
You die...

.##..#.# #.# #.#
#.# #.#....#
#.#######.####.#
##.##..#
#........).....#
..#.#..#
#########.######
..###.## #...#
#...[.# #.###
###)### #.# #
#.# ######.# #
#[# #..l@..# #
#.# #.###### #
#)# #....Z# #
#.# #.....# #
#<# #.......
###.# #.....###
....# #...).#
######## ###l###
# #.. >.#


You could see an iguana.

Vanquished Creatures
  A gnoll (D:3)
  2 adders
  An ufetubus (D:3)
  A worm (D:4)
  An adder skeleton (D:4)
  2 dart slugs
  3 orcs
  11 ball pythons
  2 endoplasms
  3 giant cockroaches
  12 goblins
  10 hobgoblins
  4 jackals (D:1)
  4 quokkas
  4 bats
  2 frilled lizards (D:1)
  6 kobolds
  8 rats
77 creatures vanquished.

Vanquished Creatures (collateral kills)
  An ogre (D:4)
  A necrophage (D:4)
  3 gnolls (D:3)
  An adder zombie (D:4)
  An endoplasm (D:4)
7 creatures vanquished.

Vanquished Creatures (others)
  A scorpion (D:4)
  A gnoll shaman (D:3)
  An adder (D:4)
  An orc (D:4)
  4 ball pythons (D:1)
  3 plants (D:1)
11 creatures vanquished.

Grand Total: 95 creatures vanquished

Notes
Turn   | Place    | Note
-------+----------+-------------------------------------------
     0 | D:1      | H0rd4k the Human Artificer began the quest for the Orb.
     0 | D:1      | Reached XP level 1. HP: 15/15 MP: 1/1
   450 | D:1      | Reached XP level 2. HP: 21/21 MP: 2/2
   990 | D:1      | Reached XP level 3. HP: 21/26 MP: 3/3
  1427 | D:1      | Reached skill level 4 in Evocations
  1969 | D:2      | Noticed Terence
  2457 | D:2      | Reached XP level 4. HP: 27/32 MP: 4/4
  2869 | D:2      | Reached skill level 1 in Maces & Flails
  3392 | D:3      | Found a white marble altar of Elyvilon.
  3909 | D:3      | Reached XP level 5. HP: 37/37 MP: 5/5
  4533 | D:4      | Found a staircase to the Ecumenical Temple.
  4924 | D:3      | Found a faded altar of an unknown god.
  5208 | D:4      | Noticed a necrophage
  5311 | D:4      | Noticed an ogre
  5333 | D:4      | HP: 1/38 [scorpion (8)]
  5345 | D:4      | Killed a necrophage
  5346 | D:4      | Reached XP level 6. HP: 3/44 MP: 6/6
  5358 | D:4      | Killed an ogre
  6049 | D:4      | Mangled by an iguana

Illustrated notes

Levels and vault maps discovered:
D:1:      tarquinn_simple_flora_water_f, layout_loops_ring,
          minmay_shallow_snake_nest
D:2:      layout_loops_ring, st_stairs_8, kennysheep_generic_room_2,
          uniq_terence
D:3:      layout_basic, elyvilon_altar_4, hellmonk_ecumenical_altar_run_dry
D:4:      layout_loops_ring, minmay_temple_entry_statues_pillars, minmay_vboxes

Skill      XL: |  1  2  3  4  5  6 |
---------------+-------------------+-----
Evocations     | 4 |  4.5
Maces & Flails | 1 3 |  3.3
Dodging        | 2 3 |  3.0
Fighting       | 2 |  2.6
Armour         | |  2.0
Stealth        | |  1.0

Action                   |  1- 3 |  4- 6 || total
-------------------------+-------+-------++-------
Melee: Club              |   151 |   233 ||   384
       Punch             |     1 |     4 ||     5
Evoke: Wand              |    16 |    13 ||    29
       Piece from Xom's  |       |     1 ||     1
 Stab: Sleeping          |     2 |       ||     2
       Distracted        |       |     1 ||     1
Armor: Leather armour    |    50 |    66 ||   116
Dodge: Dodged            |   129 |   147 ||   276
